 Dungeon Crawl Stone Soup version 0.28.0-53-g5a82cb258f (webtiles) character file.

Game seed: 9603487743304180174

3 MisterFreud the Covert (level 1, -1/23 HPs)
             Began as a Gnoll Delver on July 17, 2022.
             Slain by an adder (2 damage)
             ... on level 3 of the Dungeon.
             The game lasted 00:01:01 (443 turns).

MisterFreud the Covert (Gnoll Delver)                Turns: 443, Time: 00:01:02

Health: -1/23      AC:  3    Str: 11    XL:     1   Next: 50%
Magic:  1/1        EV: 13    Int:  9    God:
Gold:   14         SH:  0    Dex: 13    Spells: 0/0 levels left

rFire   . . .      SeeInvis .   a - +0 short sword
rCold   . . .      Faith    .   (no shield)
rNeg    . . .      Spirit   .   b - +0 leather armour
rPois   .          Reflect  .   (no helmet)
rElec   .          Harm     .   (no cloak)
rCorr   .          Rampage  .   (no gloves)
Will    .....                   (no boots)
Stlth   ++++......              (no amulet)
HPRegen 0.07/turn               (no ring)
MPRegen 0.07/turn               (no ring)

@: lethally poisoned (-1 -> -5)
A: fangs 1, strong nose, distributed training
a: no special abilities


You were on level 3 of the Dungeon.
You visited 1 branch of the dungeon, and saw 4 of its levels.

You collected 14 gold pieces.

Inventory:

Hand Weapons
 a - a +0 short sword (weapon)
Armour
 b - a +0 leather armour (worn)
Wands
 g - a wand of digging (2)
Scrolls
 c - a scroll of fog
 d - a scroll of magic mapping
 e - a scroll of fear
 i - 3 scrolls of identify {unknown}
 j - 2 scrolls of blinking {unknown}
 k - a scroll of acquirement {unknown}
Potions
 f - a potion of haste
 h - a potion of ambrosia {unknown}


   Skills:
 + Level 6.4 Fighting
 + Level 4.4 Short Blades
 + Level 0.0 Long Blades
 + Level 0.0 Axes
 + Level 0.0 Maces & Flails
 + Level 0.0 Polearms
 + Level 0.0 Staves
 + Level 0.0 Slings
 + Level 0.0 Bows
 + Level 0.0 Crossbows
 + Level 0.0 Throwing
 + Level 0.0 Armour
 + Level 4.4 Dodging
 + Level 9.5 Stealth
 + Level 0.0 Shields
 + Level 0.0 Unarmed Combat
 + Level 0.0 Spellcasting
 + Level 0.0 Conjurations
 + Level 0.0 Hexes
 + Level 0.0 Summonings
 + Level 0.0 Necromancy
 + Level 0.0 Translocations
 + Level 0.0 Transmutations
 + Level 0.0 Fire Magic
 + Level 0.0 Ice Magic
 + Level 0.0 Air Magic
 + Level 0.0 Earth Magic
 + Level 0.0 Poison Magic
 + Level 0.1 Invocations
 + Level 0.0 Evocations


You couldn't memorise any spells.
You didn't know any spells.
Your spell library was empty.

Dungeon Overview and Level Annotations

Branches:
Dungeon (6/15)
 Temple: D:4-7

Altars:
The Shining One

Annotations:
D:4 Pikel


Innate Abilities, Weirdness & Mutations

You have very sharp teeth.
Your uncanny sense of smell can sniff out nearby items.
Your experience applies equally to all skills.


Message History

You are poisoned.
The adder poisons you!
You barely miss the adder.
You feel sick. The adder closely misses you.
You miss the adder.
You feel sick. The adder closely misses you.
You hit the adder.
The adder is moderately wounded.
You feel sick. The adder bites you but does no damage.
You miss the adder.
The adder is moderately wounded.
You feel sick. The adder closely misses you. The adder barely misses you.
You miss the adder.
The adder is moderately wounded.
You feel sick.
You are no longer poisoned.
The adder barely misses you.
You barely miss the adder. You bite the adder, but do no damage.
The adder is moderately wounded.
The adder bites you.
You barely miss the adder.
The adder is moderately wounded.
The adder bites you but does no damage.
You are too injured to fight recklessly!
You miss the adder.
The adder is moderately wounded.
The adder bites you.
* * * LOW HITPOINT WARNING * * *
You are lethally poisoned!
The adder poisons you!
You are too injured to fight recklessly!
You hit the adder.
The adder is heavily wounded.
* * * LOW HITPOINT WARNING * * *
You feel sick. The adder bites you.
* * * LOW HITPOINT WARNING * * *
You are too injured to fight recklessly!
You hit the adder.
The adder is severely wounded.
* * * LOW HITPOINT WARNING * * *
You feel sick. The adder bites you.
You die...

. #... .... # .. ######
.. .. #.# #....# .##
.######.# #....# ...#
....#....####....#....#
##.#.#....#............#
§§§§............@.......
≈§§≈..PPPP.._..PSPP..≈≈§
.§§.....................
.#...###................
.#.### #.#....#...(....#
.....# #.#.###########.#
...#.# #.#.# # #..#.#
#.#.# ...#.###.#.#


You could see an adder.

Vanquished Creatures
  A worm (D:3)
1 creature vanquished.

Vanquished Creatures (others)
  A fungus (D:3)
1 creature vanquished.

Grand Total: 2 creatures vanquished

Notes
Turn   | Place    | Note
-------+----------+-------------------------------------------
     0 | D:5      | Reached skill level 9 in Stealth
     0 | D:5      | MisterFreud the Gnoll Delver began the quest for the Orb.
     0 | D:5      | Reached XP level 1. HP: 23/23 MP: 1/1
    22 | D:5      | Noticed a scorpion
    78 | D:5      | Noticed a necrophage
   290 | D:4      | Noticed a lemure
   290 | D:4      | Noticed a lemure
   290 | D:4      | Noticed a lemure
   290 | D:4      | Noticed Pikel
   290 | D:4      | Noticed a lemure
   422 | D:3      | Found a glowing golden altar of the Shining One.
   443 | D:3      | HP: 1/23 [poisoned by an adder]
   443 | D:3      | Slain by an adder

Illustrated notes

Levels and vault maps discovered:
D:3:      layout_basic, mainiacjoe_overflow_small_starburst,
          mainiacjoe_overflow_boulevard, lightli_sewer_entry_pipes,
          minivault_26, lemuel_another_geyser, uniq_grinder
D:4:      layout_gridville, uniq_pikel
D:5:      layout_cave_pools, mainiacjoe_overflow_alcove_2, patterned_corridor
D:6:      layout_basic, nicolae_yredelemnul_corpse_copse, amcnicky_altar_gilded,
          grunt_gozag_breadcrumbs, minmay_temple_entry_enclosed_plants

Skill      XL: | |
---------------+-+-----
Stealth        | |  9.5
Fighting       | |  6.4
Short Blades   | |  4.4
Dodging        | |  4.4
Invocations    | |  0.1

Action                   || total
-------------------------++-------
Melee: Short sword       ||    21
       Bite              ||     4
Evoke: Wand              ||     1
 Stab: Sleeping          ||     1
Armor: Leather armour    ||    10
Dodge: Dodged            ||    16
